AoeStats
← OratosV

Arabia

503960677Analyzed
1v1 RM · 1mo ago on Sep 3, 2026· 49m 0s· 2 players
Game mode
Random Map
Map size
Tiny (2 player)
Population
200
Speed
Normal
Resources
Standard
Victory
Conquest
Starting age
Dark Age
Ending age
Imperial Age
RankedLock teamsTeams togetherTeam positionsShared explorationLock speedFull tech treeHidden civsTurbo modeCheats
Victory
Defeat
🇨🇦 Lithuanians · Canada
1450
+14
🇦🇷 Lithuanians · Argentina
1399
-14
OratosV
6:53 Loom
9:02 Feudal Age
9:49 Double-Bit Axe
19:38 Castle Age
18:32 Gold Mining
18:50 Fletching
19:17 Bloodlines
20:20 Bodkin Arrow
20:31 Bodkin Arrow
21:55 Padded Archer Armor
22:03 Husbandry
25:48 Ballistics
26:27 Stone Mining
31:25 Horse Collar
39:48 Imperial Age
37:57 Padded Archer Armor
38:54 Scale Barding Armor
40:31 Bracer
41:37 Wheelbarrow
41:58 Conscription
41:56 Leather Archer Armor
42:51 Chemistry
42:47 Leather Archer Armor
43:46 Chain Barding Armor
45:03 Plate Barding Armor
44:08 Light Cavalry
44:18 Heavy Cavalry Archer
45:56 Forging
47:40 Masonry
48:42 Bow Saw
48:33 Heavy Plow
49:20 Ring Archer Armor
zuti21
4:56 Loom
8:05 Feudal Age
8:57 Double-Bit Axe
11:01 Horse Collar
15:18 Wheelbarrow
17:01 Gold Mining
20:16 Castle Age
19:02 Scale Mail Armor
19:15 Forging
20:38 Bloodlines
21:31 Chain Mail Armor
20:38 Pikeman
24:49 Husbandry
29:06 Scale Barding Armor
29:10 Devotion
34:05 Chain Barding Armor
39:34 Imperial Age
37:53 Fletching
38:03 Padded Archer Armor
38:26 Ballistics
38:19 Elite Skirmisher
38:58 Bodkin Arrow
40:06 Leather Archer Armor
40:21 Bracer
42:14 Chemistry
43:26 Ring Archer Armor
42:19 Cavalier
44:46 Light Cavalry
48:24 Paladin
Connection lost

Rejoining the realm…

Still unreachable

The connection could not be restored.

Session expired

The server has moved on; the page needs a fresh start.